 Dungeon Crawl Stone Soup version 0.19.5 (webtiles) character file.

143924 Peloso the Fencer (level 16, -6/152 HPs)
             Began as a Minotaur Fighter on Apr 10, 2017.
             Was the Champion of Okawaru.
             Killed from afar by Nikola (21 damage)
             ... with a chain lightning
             ... on level 3 of the Spider Nest.
             The game lasted 01:44:24 (28767 turns).

Peloso the Fencer (Minotaur Fighter)               Turns: 28767, Time: 01:44:25

Health: -6/152     AC: 30    Str: 41    XL:     16   Next: 83%
Magic:  16/16      EV: 16    Int:  8    God:    Okawaru [******]
Gold:   1857       SH: 18    Dex: 14    Spells: 0 memorised, 15 levels left

rFire  + . .     SeeInvis .     B - +6 scimitar of Responsibility {slice, Fragile +Blink Str+8 Int+3}
rCold  + . .     Gourm    .     b - +4 chain mail "Piuvedgh" {rCorr Str+3}
rNeg   + . .     Faith    .     v - +1 shield {AC+3}
rPois  +         Spirit   .     o - +2 hat "Tikuppek" {Str+4}
rElec  .         Reflect  .     s - +1 cloak {MR+}
rCorr  +         Harm     .     c - +0 pair of gloves
MR     +++++     Clarity  +     m - +2 pair of boots of Vlad {rC+}
Stlth  ..........               Y - amulet of the Four Winds {rN+ MR+++ Clar}
                                y - ring of protection from fire
                                W - ring of poison resistance

@: no status effects
A: retaliatory headbutt, horns 2, agile 1
a: Heroism, Finesse, Renounce Religion, Evoke Blink


You were on level 3 of the Spider Nest.
You worshipped Okawaru.
Okawaru was exalted by your worship.
You were not hungry.

You visited 5 branches of the dungeon, and saw 27 of its levels.
You also visited: Labyrinth, Ossuary, Bailey and Ice Cave.

You collected 2775 gold pieces.
You spent 918 gold pieces at shops.

Inventory:

Hand Weapons
 B - the +6 scimitar of Responsibility (weapon) {slice, Fragile +Blink Str+8 Int+3}
   (Okawaru gifted it to you on level 6 of the Lair of Beasts)

   It inflicts extra damage upon your enemies.
   It affects your strength (+8).
   It affects your intelligence (+3).
   It lets you blink.
   It will be destroyed if unequipped.
 F - a +0 double sword of venom
 O - a +0 falchion of flaming
Armour
 b - the +4 chain mail "Piuvedgh" (worn) {rCorr Str+3}
   (Okawaru gifted it to you on level 2 of the Lair of Beasts)

   It affects your strength (+3).
   It protects you from acid and corrosion.
 c - a +0 pair of gloves (worn)
 m - the +2 pair of boots of Vlad (worn) {rC+}
   (You acquired it on level 2 of the Spider Nest)

   It protects you from cold.
 o - the +2 hat "Tikuppek" (worn) {Str+4}
   (You acquired it on level 8 of the Dungeon)

   It affects your strength (+4).
 s - a +1 cloak of magic resistance (worn)
 v - a +1 shield of protection (worn)
Jewellery
 y - a ring of protection from fire (right hand)
 A - an uncursed ring of positive energy
 P - an uncursed ring of protection from cold
 W - a ring of poison resistance (left hand)
 Y - the amulet of the Four Winds (around neck) {rN+ MR+++ Clar}
   (You found it in a labyrinth)

   [amulet of nothing]

   It protects you from negative energy.
   It affects your resistance to hostile enchantments.
   It protects you against confusion.
Wands
 x - a wand of lightning (9/15)
Scrolls
 a - 2 scrolls of amnesia
 i - 6 scrolls of identify
 l - 7 scrolls of teleportation
 r - 9 scrolls of remove curse
 t - a scroll of blinking
 w - 4 scrolls of fear
 M - 2 scrolls of recharging
Potions
 d - 10 potions of might
 e - 4 potions of curing
 g - a potion of flight
 k - 5 potions of agility
 n - a potion of cure mutation
 z - 3 potions of haste
 D - 2 potions of resistance
 T - 4 potions of heal wounds
Books
 h - a book of Necromancy

   Spells                             Type                      Level
   a - Pain                           Necromancy                   1
   b - Animate Skeleton               Necromancy                   1
   c - Vampiric Draining              Necromancy                   3
   d - Regeneration                   Charms/Necromancy            3
   e - Animate Dead                   Necromancy                   4
   f - Control Undead                 Necromancy                   4
Comestibles
 f - 10 bread rations
 j - 10 meat rations
 p - a chunk of flesh
 q - 10 slices of pizza
 u - a royal jelly
 N - 7 beef jerkies
 S - 13 fruits


   Skills:
 + Level 16.6 Fighting
 + Level 18.2 Long Blades
 + Level 15.9 Armour
 + Level 9.6 Dodging
 + Level 2.5 Stealth
 + Level 17.3 Shields
 + Level 2.0 Invocations
 + Level 0.8 Evocations


You had 15 spell levels left.
You didn't know any spells.

Dungeon Overview and Level Annotations

Branches:
Dungeon (15/15)            Temple (1/1) D:5            Lair (6/6) D:9
  Swamp (0/4) Lair:4       Spider (3/4) Lair:4        Slime (0/5) Lair:6
    Orc (2/2) D:10            Elf (0/3) Orc:2        Vaults (0/5) D:14
 Depths (0/5) D:15

Altars:
Elyvilon
Fedhas
Gozag
Kikubaaqudgha
Makhleb
Nemelex Xobeh
Okawaru
Qazlal
Trog
Vehumet
Xom
The Shining One

Shops:
D:7 *   D:9 *   D:11 =   D:14 ?   Orc:2 [?([[*(

Portals:
Trove: D:15 (give horn of Geryon)

Annotations:
Spider:3 Nikola


Innate Abilities, Weirdness & Mutations

You reflexively headbutt those who attack you in melee.
You have a pair of horns on your head.
You are agile. (Dex +2)


Message History

You slash Nikola! You headbutt Nikola.
Nikola is severely wounded.
Nikola gestures wildly while chanting.
Nikola blinks!
Nikola gestures wildly while chanting.
Nikola blinks!
Found 13 stones.
You barely miss Nikola. Your headbutt misses Nikola.
Nikola is severely wounded.
Unknown command.
You chop Nikola into pieces!!! Your headbutt misses Nikola.
Nikola is almost dead.
You hear an angry hiss.
Nikola casts a spell.
You hear a mighty clap of thunder!
The lightning arc hits you!
The lightning arc hits Nikola.
The lightning arc hits you!
* * * LOW HITPOINT WARNING * * *
The lightning arc hits Nikola.
The lightning arc hits you!
You die...

################
.... ........^..
..... #..†......
..... #<.## ....
#.....#†..#.....
#.....##.......#
#.....#.....#^.#
#....@@........
##(.........#.(.
####.##.#### ..
## .... . .....
..#... ###... .#


You could see Nikola.

Vanquished Creatures
  Rupert (D:13)
  An emperor scorpion (Spider:1)
  A spark wasp (Spider:1)
  Josephine (Orc:2)
  A minotaur (Lab)
  A fire dragon (Lair:6)
  The ghost of Asagix the Cleaver, a journeyman MiBe of Trog (Lair:3)
  5 ogre magi
  9 hydras
  4 centaur warriors
  4 catoblepae (Lair:6)
  13 death yaks (Lair:6)
  2 tengu warriors (D:15)
  Urug (D:10)
  6 skeletal warriors
  2 lindwurms (Lair:6)
  9 hill giants
  4 unseen horrors
  7 orb spiders
  Pikel (D:7)
  4 deep elf magi
  4 orc knights
  4 oklob plants (Lair:6)
  An orc sorcerer (D:15)
  A wolf spider zombie (D:15)
  7 ugly things
  5 cyclopes
  14 wolf spiders
  12 elephants
  A naga mage (D:15)
  3 ice statues (IceCv)
  Maurice (Orc:2)
  2 moths of wrath (Spider:1)
  4 black mambas
  A black mamba (shapeshifter) (D:14)
  16 spiny frogs
  2 gargoyles
  A centaur skeleton (D:15)
  7 torpor snails (Lair:6)
  2 kobold demonologists
  11 komodo dragons
  6 rime drakes
  9 demonic crawlers
  2 ice devils (D:14)
  6 meliai
  14 jumping spiders
  A polar bear (Lair:6)
  8 trolls
  A wolf spider simulacrum (D:14)
  3 tyrant leeches (Lair:6)
  12 hornets
  18 two-headed ogres
  4 dream sheep
  17 blink frogs
  13 hippogriffs
  21 tarantellas
  2 vampires (D:15)
  42 redbacks
  A shadow (D:11)
  3 wraiths (Orc:2)
  48 yaks
  16 humans (D:14)
  3 hungry ghosts
  7 basilisks
  6 wyverns
  3 vampire mosquitoes
  3 mottled dragons
  5 swamp worms (Lair:4)
  A warg (Orc:1)
  A soldier ant (D:12)
  15 water moccasins
  4 porcupines
  A floating eye (D:14)
  25 orc warriors
  6 sky beasts
  A slave (D:7)
  3 black bears
  6 phantoms
  7 ice beasts
  2 necrophages
  10 centaurs
  40 ogres
  3 boggarts (D:15)
  7 wolves
  15 crocodiles
  3 elf zombies (Ossuary)
  7 big kobolds
  19 bullfrogs
  A wyvern zombie (D:11)
  A gnoll sergeant (D:10)
  3 scorpions
  3 troll zombies (D:10)
  8 wights
  3 electric eels
  2 howler monkeys (D:4)
  3 centaur zombies
  5 crimson imps
  A bullfrog zombie (D:7)
  4 quasits
  A jelly (D:14)
  6 hounds
  10 orc priests
  Crazy Yiuf (D:3)
  3 bullfrog skeletons
  7 human zombies (Ossuary)
  2 iguanas
  13 orc wizards
  10 worker ants
  3 hell rats (Lair:2)
  5 ogre zombies (D:10)
  3 hound skeletons
  3 mummies (Ossuary)
  3 worker ant zombies
  9 adders
  7 gnolls
  3 river rats (Lair:2)
  4 shadow imps
  An adder skeleton (D:4)
  An adder zombie (D:8)
  2 worms
  5 dart slugs
  4 leopard geckos
  83 orcs
  2 ball pythons
  8 giant cockroaches
  9 goblins
  5 hobgoblins
  11 jackals
  41 kobolds
  5 quokkas
  7 bats
  8 frilled lizards
  A goblin skeleton (D:10)
  6 goblin zombies
  2 hobgoblin skeletons (D:10)
  2 hobgoblin zombies (D:10)
  A jackal skeleton (D:8)
  3 orc skeletons (D:10)
  12 orc zombies (D:10)
  2 quokka zombies
  9 rats
  A plant (Lair:1)
985 creatures vanquished.

Vanquished Creatures (others)
  A yak (Lair:6)
  An orc wizard (D:6)
  27 fungi
  27 plants
56 creatures vanquished.

Grand Total: 1041 creatures vanquished

Notes
Turn   | Place    | Note
-------+----------+-------------------------------------------
     0 | D:1      | Peloso the Minotaur Fighter began the quest for the Orb.
     0 | D:1      | Reached XP level 1. HP: 19/19 MP: 0/0
   216 | D:1      | Reached XP level 2. HP: 27/27 MP: 1/1
   701 | D:2      | Reached XP level 3. HP: 27/33 MP: 2/2
   839 | D:2      | Found a glowing golden altar of the Shining One.
   870 | D:2      | Reached skill level 1 in Dodging
  1069 | D:3      | Reached XP level 4. HP: 40/40 MP: 3/3
  1259 | D:3      | Reached skill level 3 in Long Blades
  1576 | D:3      | Found a runed door.
  1580 | D:3      | Noticed Crazy Yiuf
  1589 | D:3      | Killed Crazy Yiuf
  1589 | D:3      | Reached XP level 5. HP: 30/46 MP: 1/4
  1974 | D:4      | Reached skill level 5 in Armour
  1974 | D:4      | Reached skill level 5 in Shields
  1982 | D:4      | Reached skill level 4 in Long Blades
  1997 | D:4      | Noticed an ogre
  2002 | D:4      | Killed an ogre
  2002 | D:4      | Reached XP level 6. HP: 25/53 MP: 2/5
  2311 | D:4      | Found an opulent altar of Gozag.
  2466 | D:5      | Entered Level 5 of the Dungeon
  2485 | D:5      | Gained mutation: You are agile. (Dex +2) [potion of beneficial mutation]
  2496 | D:5      | Found a staircase to the Ecumenical Temple.
  2506 | Temple   | Entered the Ecumenical Temple
  2511 | Temple   | Became a worshipper of Warmaster Okawaru
  2841 | D:5      | Reached skill level 5 in Long Blades
  2841 | D:5      | Reached XP level 7. HP: 27/60 MP: 2/6
  3326 | D:6      | Reached skill level 5 in Fighting
  3621 | D:6      | Noticed a hippogriff
  3622 | D:6      | Noticed a wyvern
  3637 | D:6      | Killed a hippogriff
  3644 | D:6      | Killed a wyvern
  3644 | D:6      | Reached * piety under Okawaru
  3824 | D:6      | Reached skill level 6 in Long Blades
  3835 | D:6      | Reached XP level 8. HP: 55/68 MP: 5/7
  4482 | D:6      | Reached skill level 7 in Long Blades
  4941 | D:7      | Reached ** piety under Okawaru
  5003 | D:7      | Noticed a hornet
  5010 | D:7      | Killed a hornet
  5121 | D:7      | Reached skill level 8 in Long Blades
  5297 | D:7      | Reached XP level 9. HP: 77/77 MP: 8/8
  5357 | D:7      | Noticed Pikel
  5389 | D:7      | Killed Pikel
  5403 | D:7      | Found Yghuaxer's Assorted Antiques.
  5412 | D:7      | Bought a scroll labeled XACAYDUPUTS for 30 gold pieces
  5412 | D:7      | Bought a scroll labeled GUIMPU PATTI for 30 gold pieces
  5412 | D:7      | Bought a fuming coppery potion for 27 gold pieces
  5615 | D:8      | Reached *** piety under Okawaru
  5676 | D:8      | Identified a scroll of acquirement
  5683 | D:8      | Got a steaming hat
  5689 | D:8      | Identified the +2 hat "Tikuppek" {Str+4} (You acquired it on level 8 of the Dungeon)
  5692 | D:8      | Reached skill level 9 in Long Blades
  5889 | D:8      | Found a sand-covered staircase.
  5898 | Ossuary  | Entered an ossuary
  5925 | Ossuary  | Reached **** piety under Okawaru
  6062 | Ossuary  | Reached XP level 10. HP: 85/86 MP: 9/9
  6213 | D:8      | Reached skill level 10 in Long Blades
  6347 | D:8      | Noticed a three-headed hydra
  6352 | D:8      | Killed a one-headed hydra
  6481 | D:8      | Reached skill level 11 in Long Blades
  6677 | D:8      | Reached skill level 10 in Shields
  6780 | D:9      | Received a gift from Okawaru
  6902 | D:9      | Found Roystri's Assorted Antiques.
  6951 | D:9      | Found a staircase to the Lair.
  7284 | D:9      | Reached ***** piety under Okawaru
  7284 | D:9      | Reached skill level 5 in Dodging
  7562 | D:10     | Entered Level 10 of the Dungeon
  7591 | D:10     | Noticed a hill giant
  7599 | D:10     | Killed a hill giant
  7664 | D:10     | Found a staircase to the Orcish Mines.
  7721 | D:10     | Reached XP level 11. HP: 95/95 MP: 10/10
  7968 | D:10     | Noticed a hill giant
  7984 | D:10     | Killed a hill giant
  8005 | D:10     | Noticed a hill giant
  8010 | D:10     | Killed a hill giant
  8010 | D:10     | Received a gift from Okawaru
  8010 | D:10     | Reached skill level 12 in Long Blades
  8229 | D:10     | Noticed Urug
  8248 | D:10     | Killed Urug
  8473 | D:11     | Noticed a centaur warrior
  8486 | D:11     | Killed a centaur warrior
  8646 | D:11     | Reached skill level 10 in Armour
  8802 | D:11     | Reached skill level 13 in Long Blades
  8889 | D:11     | Noticed a hill giant
  8895 | D:11     | Killed a hill giant
  8962 | D:11     | Found a blossoming altar of Fedhas.
  9031 | D:11     | Found Wuj Ela's Jewellery Shoppe.
  9036 | D:11     | Bought a cursed amulet of inaccuracy for 28 gold pieces
  9052 | D:11     | Noticed a hill giant
  9061 | D:11     | Killed a hill giant
  9207 | Lair:1   | Entered Level 1 of the Lair of Beasts
  9362 | Lair:1   | Reached skill level 10 in Fighting
  9441 | Lair:1   | Reached XP level 12. HP: 98/106 MP: 8/11
 10102 | Lair:2   | Received a gift from Okawaru
 10102 | Lair:2   | Reached skill level 14 in Long Blades
 10118 | Lair:2   | Got an ichor-stained chain mail {god gift}
 10129 | Lair:2   | Identified the +4 chain mail "Piuvedgh" {rCorr Str+3} (Okawaru gifted it to you on level 2 of the Lair of Beasts)
 10814 | Lair:3   | Reached skill level 1 in Stealth
 10997 | Lair:3   | Got a slimy morningstar
 10998 | Lair:3   | Identified the +10 morningstar of Awkiwas {crush, Int+3} (You found it on level 3 of the Lair of Beasts)
 11109 | Lair:3   | Noticed a five-headed hydra
 11117 | Lair:3   | Killed a one-headed hydra
 11176 | Lair:3   | Noticed Asagix's ghost (journeyman MiBe)
 11194 | Lair:3   | Killed Asagix's ghost
 11383 | Lair:4   | Reached ****** piety under Okawaru
 11594 | Lair:4   | Received a gift from Okawaru
 11986 | Lair:4   | Found a hole to the Spider Nest.
 12354 | Lair:4   | Reached skill level 15 in Long Blades
 12354 | Lair:4   | Reached XP level 13. HP: 111/117 MP: 12/12
 12377 | Lair:4   | Found a staircase to the Swamp.
 12552 | Lair:5   | Found a labyrinth entrance.
 12571 | Lab      | Entered a labyrinth
 12953 | Lab      | Noticed a minotaur
 12965 | Lab      | Killed a minotaur
 13900 | Lair:6   | Entered Level 6 of the Lair of Beasts
 13983 | Lair:6   | Found a staircase to the Slime Pits.
 14079 | Lair:6   | Received a gift from Okawaru
 15379 | Lair:6   | Received a gift from Okawaru
 15693 | Lair:6   | Received a gift from Okawaru
 15715 | Lair:6   | HP: 6/122 [death yak (18)]
 15715 | Lair:6   | HP: 1/122 [death yak (5)]
 16137 | Lair:6   | Reached XP level 14. HP: 100/129 MP: 11/13
 16146 | Lair:6   | Reached skill level 1 in Invocations
 16606 | Lair:6   | HP: 6/129 [hippogriff (1)]
 17052 | Lair:6   | Reached skill level 16 in Long Blades
 17222 | Lair:6   | Found a runed door.
 17496 | Lair:6   | HP: 4/129 [lindwurm/blast of flame (19)]
 18039 | Lair:6   | Received a gift from Okawaru
 18248 | Lair:6   | Received a gift from Okawaru
 18251 | Lair:6   | Got an ebony scimitar {god gift}
 18272 | Lair:6   | Identified the +6 scimitar of Responsibility {slice, Fragile +Blink Str+8 Int+3} (Okawaru gifted it to you on level 6 of the Lair of Beasts)
 18276 | Lair:6   | Got a polished chain mail
 18291 | Lair:6   | Identified the cursed +1 chain mail of Limitation {Str+4 Int+4} (You found it on level 6 of the Lair of Beasts)
 19749 | D:13     | Noticed Rupert
 19773 | D:13     | Killed Rupert
 19773 | D:13     | Reached skill level 15 in Shields
 19773 | D:13     | Reached XP level 15. HP: 93/138 MP: 15/15
 20458 | D:13     | Reached skill level 15 in Armour
 20598 | D:14     | Found a gate to the Vaults.
 20634 | D:14     | Received a gift from Okawaru
 20661 | D:14     | Found a flagged portal.
 20667 | Bailey   | Entered a bailey
 20918 | D:14     | Found Xusaam's Magic Scroll Shop.
 20931 | D:14     | Bought a scroll of brand weapon for 320 gold pieces
 20931 | D:14     | Bought a scroll of magic mapping for 56 gold pieces
 20931 | D:14     | Bought a scroll of enchant armour for 120 gold pieces
 20993 | D:14     | Found a frozen archway.
 21013 | IceCv    | Entered an ice cave
 21241 | IceCv    | Got smoking ice dragon scales
 21252 | IceCv    | Identified the +13 ice dragon scales of Hedge Wizardry {rF- rC++ Str-4 Dex+6} (You found it in an ice cave)
 21323 | D:14     | Paralysed by a floating eye for 3 turns
 21486 | D:14     | Reached skill level 17 in Long Blades
 21497 | D:14     | Received a gift from Okawaru
 21508 | D:14     | Reached skill level 15 in Fighting
 21792 | D:14     | Received a gift from Okawaru
 22274 | D:15     | Entered Level 15 of the Dungeon
 22767 | D:15     | Found a portal to a secret trove of treasure.
 23583 | D:15     | Found a staircase to the Depths.
 24140 | Orc:1    | Entered Level 1 of the Orcish Mines
 24446 | Orc:1    | Reached XP level 16. HP: 150/150 MP: 16/16
 24611 | Orc:2    | Entered Level 2 of the Orcish Mines
 24697 | Orc:2    | Found Kumam's Assorted Antiques.
 24711 | Orc:2    | Bought a scroll of identify for 48 gold pieces
 24711 | Orc:2    | Found Caunt's Weapon Shop.
 24770 | Orc:2    | Noticed Maurice
 24791 | Orc:2    | Killed Maurice
 24808 | Orc:2    | Received a gift from Okawaru
 25153 | Orc:2    | Found Jirodot's Armour Shop.
 25348 | Orc:2    | Found Zenem's Armour Shoppe.
 25350 | Orc:2    | Noticed Josephine
 25360 | Orc:2    | Killed Josephine
 25370 | Orc:2    | Found Tuokud's Antique Weapon Shop.
 25370 | Orc:2    | Found Lieklisi's Antique Weapon Emporium.
 25374 | Orc:2    | Found Quutu's Armour Shoppe.
 25374 | Orc:2    | Found Wipsidy's Magic Scroll Shop.
 25418 | Orc:2    | Bought a scroll of enchant weapon for 97 gold pieces
 25418 | Orc:2    | Bought a scroll of enchant armour for 97 gold pieces
 25418 | Orc:2    | Bought a scroll of teleportation for 39 gold pieces
 25418 | Orc:2    | Bought a scroll of identify for 26 gold pieces
 25467 | Orc:2    | Found a staircase to the Elven Halls.
 25841 | Spider:1 | Entered Level 1 of the Spider Nest
 25858 | Spider:1 | Received a gift from Okawaru
 26412 | Spider:1 | Received a gift from Okawaru
 26738 | Spider:1 | Reached skill level 18 in Long Blades
 28380 | Spider:2 | Got a pair of scorched boots
 28391 | Spider:2 | Identified the +2 pair of boots of Vlad {rC+} (You acquired it on level 2 of the Spider Nest)
 28583 | Spider:2 | Received a gift from Okawaru
 28737 | Spider:3 | Noticed Nikola
 28767 | Spider:3 | Killed from afar by Nikola

Skill      XL: |  1  2  3  4  5  6  7  8  9 10 11 12 13 14 15 16 |
---------------+-------------------------------------------------+-----
Armour         | 4 5 6 7 8 9 10 11 13 14 15 | 15.9
Fighting       | 4 5 6 7 8 10 11 13 14 15 16 | 16.6
Shields        | 4 5 6 7 9 10 12 13 15 16 17 | 17.3
Dodging        | 1 2 3 4 5 6 7 8 9 |  9.6
Long Blades    | 3 4 5 6 8 9 11 13 15 16 17 18 | 18.2
Stealth        | 1 2 |  2.5
Invocations    | 2 |  2.0
Evocations     | |  0.8

Action                   |  1- 3 |  4- 6 |  7- 9 | 10-12 | 13-15 | 16-18 || total
-------------------------+-------+-------+-------+-------+-------+-------++-------
Melee: Long sword        |    89 |   117 |   396 |    22 |       |       ||   624
       Headbutt          |    12 |    25 |   107 |   305 |   545 |   123 ||  1117
       Falchion          |       |       |       |   890 |   835 |       ||  1725
       Scimitar          |       |       |       |       |   572 |   394 ||   966
Invok: Heroism           |       |       |       |     1 |    11 |       ||    12
Evoke: Wand              |       |     2 |     3 |       |     1 |       ||     6
  Use: Scroll            |       |     8 |    13 |     5 |    18 |     3 ||    47
       Potion            |       |     1 |       |     1 |     2 |       ||     4
  Eat: Chunk             |     1 |     4 |    11 |    34 |    34 |    14 ||    98
       Beef jerky        |       |       |     1 |       |       |       ||     1
       Fruit             |       |       |       |       |     2 |       ||     2
Armor: Scale mail        |    49 |    34 |     6 |       |       |       ||    89
       Chain mail        |       |       |   141 |   116 |   424 |   285 ||   966
       Plate armour      |       |       |       |   215 |       |       ||   215
       Ice dragon scales |       |       |       |       |    99 |       ||    99
Dodge: Dodged            |    31 |    49 |   130 |   317 |   849 |   334 ||  1710
Block: Shield            |    60 |    63 |   228 |   182 |       |    25 ||   558
       Buckler           |       |       |       |   125 |   459 |   206 ||   790
       Rpst.: Long sword |    11 |     7 |    33 |     2 |       |       ||    53
       Falchion          |       |       |       |    82 |   110 |       ||   192
       Scimitar          |       |       |       |       |    78 |    59 ||   137
